 Dungeon Crawl Stone Soup version 0.20.1-1-g8b1a95d (webtiles) character file.

512 grizmgrazm2 the Covert (level 6, 0/41 HPs)
             Began as a Vampire Enchanter on Sept 25, 2017.
             Slain by a gnoll (8 damage)
             ... on level 4 of the Dungeon.
             The game lasted 00:11:03 (5201 turns).

grizmgrazm2 the Covert (Vampire Enchanter)          Turns: 5201, Time: 00:11:04

Health: 0/41       AC:  3    Str:  7    XL:     6   Next: 99%
Magic:  3/13       EV: 13    Int: 20    God:
Gold:   188        SH:  0    Dex: 14    Spells: 6/14 levels left

rFire    . . .     SeeInvis +   s - +0 dagger (venom)
rCold    . . .     Gourm    .   (no shield)
rNeg     + . .     Faith    .   b - +1 robe
rPois    .         Spirit   .   (no helmet)
rElec    .         Reflect  .   (no cloak)
rCorr    .         Harm     .   (no gloves)
MR       .....                  (no boots)
Stlth    ++++......             (no amulet)
Regen    0.2/turn               (no ring)
MPRegen  0.2/turn               (no ring)

@: no status effects
A: fangs 3, see invisible, unbreathing
a: Bat Form


You were on level 4 of the Dungeon.
You were not thirsty.

You visited 1 branch of the dungeon, and saw 4 of its levels.

You collected 188 gold pieces.

Inventory:

Hand Weapons
 a - a +1 dagger
 s - a +0 dagger of venom (weapon)
Armour
 b - a +1 robe (worn)
Jewellery
 p - an uncursed ring of fire
Wands
 e - a wand of digging (9/24)
 k - a wand of iceblast (5/15)
Scrolls
 h - a scroll of remove curse
 i - 2 scrolls of amnesia
 t - a scroll of teleportation
Potions
 d - 6 potions of blood
 f - a potion of magic {unknown}
 g - a potion of berserk rage {unknown}
 j - a potion of degeneration {unknown}
 l - a potion of resistance {unknown}
 m - a potion of agility {unknown}
 n - a potion of lignification {unknown}
 o - a potion of heal wounds {unknown}
 q - a potion of flight {unknown}
 r - a potion of cancellation {unknown}
Books
 c - a book of Maledictions

   Spells                             Type                      Level
   a - Corona                         Hexes                        1
   b - Ensorcelled Hibernation        Hexes/Ice                    2
   c - Confuse                        Hexes                        3
   d - Tukima's Dance                 Hexes                        3
   e - Dazzling Spray                 Conjuration/Hexes            3


   Skills:
 + Level 1.7 Short Blades
 + Level 2.3 Dodging
 + Level 8.0 Stealth
 * Level 4.6 Spellcasting
 + Level 5.5 Hexes
 + Level 2.0 Ice Magic


You had 6 spell levels left.
You knew the following spells:

 Your Spells              Type           Power        Failure   Level  Hunger
a - Ensorcelled Hibernat  Hex/Ice        ###...       3%          2    #......
b - Confuse               Hex            ####....     3%          3    ##.....
c - Tukima's Dance        Hex            ####....     3%          3    ##.....


Dungeon Overview and Level Annotations

Branches:
Dungeon (4/15)
 Temple: D:4-7

Altars:


Innate Abilities, Weirdness & Mutations

You have razor-sharp teeth.
You have supernaturally acute eyesight. (SInv)
You can survive without breathing.


Message History

The orc barely misses you.
You hit the orc.
The orc is poisoned.
The orc is heavily wounded.
The gnoll hits you. The kobold misses you.
Your short sword hits the kobold but does no damage.
The orc hits you.
You hit the kobold but do no damage.
The kobold is poisoned.
The gnoll hits you.
* * * LOW HITPOINT WARNING * * *
The kobold hits you.
* * * LOW HITPOINT WARNING * * *
Your short sword hits the kobold.
The kobold dies!
The orc misses you.
Yummy - fresh blood!
The gnoll hits you.
* * * LOW HITPOINT WARNING * * *
The orc closely misses you.
Your short sword hits the gnoll but does no damage.
Your short sword hits the orc.
The gnoll hits you!
You die...

+..#..'(.'...#.#
####...
####..#'#########.#
#......
+..........#).#...#
#.##...
#..####....#).#...#
#.###.. ####.##'###.#
#.# ### #.%'..'...#.#
#.##### #.(#..#..)#.#
#.....# #####.##'##.#
#..##.#
#...#@.#.)#.####...#.+
#.(og.(#..#........#.+
#...#.#####..###...###
#####.# #..## #.....#
..+ #..# #######
#+####..# # #..+..#
######## +..#..#
#....... ####))'..#
#.######


You could see a gnoll, an orc and a friendly short sword.

Vanquished Creatures
  Sigmund (D:3)
  The ghost of Totori the Charmwright, an amateur MfSk (D:3)
  A scorpion (D:4)
  An iguana (D:4)
  2 gnolls (D:3)
  An adder (D:3)
  An ooze (D:1)
  An adder skeleton (D:4)
  2 worms
  4 dart slugs
  2 leopard geckos
  6 orcs
  3 giant cockroaches
  13 goblins
  8 hobgoblins
  7 bats
  10 kobolds
  4 rats
68 creatures vanquished.

Vanquished Creatures (collateral kills)
  Terence (D:3)
  A gnoll (D:3)
  5 orcs (D:3)
  A kobold (D:4)
8 creatures vanquished.

Vanquished Creatures (others)
  A dancing weapon (D:4)
1 creature vanquished.

Grand Total: 77 creatures vanquished

Notes
Turn   | Place    | Note
-------+----------+-------------------------------------------
     0 | D:1      | grizmgrazm2 the Vampire Enchanter began the quest for the Orb.
     0 | D:1      | Reached XP level 1. HP: 13/13 MP: 3/3
   149 | D:1      | Reached XP level 2. HP: 18/19 MP: 3/5
   153 | D:1      | Learned a level 2 spell: Ensorcelled Hibernation
   534 | D:1      | Reached skill level 5 in Stealth
   885 | D:2      | Reached XP level 3. HP: 24/24 MP: 6/6
   890 | D:2      | Learned a level 3 spell: Confuse
  2073 | D:3      | Noticed Sigmund
  2095 | D:3      | Killed Sigmund
  2095 | D:3      | Reached skill level 6 in Stealth
  2095 | D:3      | Reached skill level 5 in Hexes
  2095 | D:3      | Reached skill level 1 in Ice Magic
  2095 | D:3      | Reached XP level 4. HP: 17/30 MP: 3/9
  2095 | D:3      | Reached XP level 5. HP: 19/35 MP: 3/10
  2463 | D:3      | Reached skill level 7 in Stealth
  2740 | D:3      | Learned a level 3 spell: Tukima's Dance
  2769 | D:3      | Noticed Totori's ghost (amateur MfSk)
  3198 | D:3      | Killed Totori's ghost
  3198 | D:3      | Reached XP level 6. HP: 23/41 MP: 3/12
  3695 | D:3      | Noticed Terence
  3724 | D:3      | Killed Terence
  5064 | D:4      | Reached skill level 8 in Stealth
  5201 | D:4      | Slain by a gnoll

Skill      XL: |  1  2  3  4  5  6 |
---------------+-------------------+-----
Stealth        | 5 6 7 8 |  8.0
Spellcasting   | 3 4 |  4.6
Hexes          | 5 |  5.5
Ice Magic      | 1 2 |  2.0
Short Blades   | |  1.7
Dodging        | |  2.3

Action                   |  1- 3 |  4- 6 || total
-------------------------+-------+-------++-------
Melee: Dagger            |    93 |   110 ||   203
       Bite              |     5 |     5 ||    10
 Cast: Corona            |     8 |       ||     8
       Ensorcelled Hiber |    29 |    21 ||    50
       Confuse           |       |    12 ||    12
       Tukima's Dance    |       |    11 ||    11
 Abil: End Transformatio |       |     1 ||     1
       Bat Form          |       |     1 ||     1
  Use: Scroll            |     8 |     4 ||    12
       Potion            |     5 |     7 ||    12
 Stab: Sleeping          |    28 |    23 ||    51
       Confused          |       |     7 ||     7
Armor: Robe              |     4 |    10 ||    14
Dodge: Dodged            |    41 |    83 ||   124
